 Dungeon Crawl Stone Soup version 0.30-b1-2-g02819fbbbe (webtiles) character file.

Game seed: 9042968559347906733

53 Metae the Trooper (level 3, -1/33 HPs)
             Began as a Minotaur Fighter on June 28, 2023.
             Killed from afar by Natasha (10 damage)
             ... with a puff of flame
             ... on level 2 of the Dungeon.
             The game lasted 00:02:19 (1220 turns).

Metae the Trooper (Minotaur Fighter)                Turns: 1220, Time: 00:02:20

Health: -1/33      AC:  9    Str: 22    XL:     3   Next: 64%
Magic:  2/2        EV:  8    Int:  5    God:
Gold:   77         SH:  4    Dex:  9    Spells: 2/2 levels left

rFire   . . .        a - +0 rapier
rCold   . . .        c - +0 buckler
rNeg    . . .        j - +0 chain mail
rPois   .            (helmet restricted)
rElec   .            (no cloak)
rCorr   .            (no gloves)
SInv    .            (no boots)
Will    .....        (no amulet) Stlth
                     (no ring)
HPRegen 0.25/turn    (no ring)
MPRegen 0.08/turn

%: no passive effects
@: no status effects
A: horns 2, retaliatory headbutt
a: no special abilities


You were on level 2 of the Dungeon.
You visited 1 branch of the dungeon, and saw 2 of its levels.

You collected 77 gold pieces.

Inventory:

Hand Weapons
 a - a +0 rapier (weapon)
Armour
 b - an orb of light
 c - a +0 buckler (worn)
 j - a +0 chain mail (worn)
Scrolls
 e - a scroll of noise {unknown}
 f - 2 scrolls of teleportation {unknown}
 g - a scroll of magic mapping {unknown}
 h - a scroll of enchant weapon {unknown}
 i - 2 scrolls of identify {unknown}
Potions
 d - a potion of might
 k - a potion of heal wounds {unknown}
 l - a potion of resistance {unknown}


   Skills:
 + Level 4.1 Fighting
 + Level 2.7 Short Blades
 + Level 4.1 Armour
 + Level 1.4 Dodging
 + Level 4.1 Shields


You had 2 spell levels left.
You didn't know any spells.
Your spell library contained the following spells:

 Spells                   Type           Power      Damage    Failure   Level
 Ensorcelled Hibernation  Hex/Ice        0%         N/A       99%         2
 Passwall                 Tmut/Erth      0%         N/A       99%         2
 Swiftness                Air            0%         N/A       100%        3


Dungeon Overview and Level Annotations

Branches:
Dungeon (2/15)

Altars:

Shops:
D:1 ?

Annotations:
D:2 Natasha


Innate Abilities, Weirdness & Mutations

You have a pair of horns on your head.
You reflexively headbutt those who attack you in melee.


Message History

The magic dart hits you but does no damage.
You hit Natasha.
Natasha is moderately wounded.
Natasha howls an incantation.
Natasha shimmers violently.
You block Natasha's attack.
You hit Natasha but do no damage.
Natasha is moderately wounded.
Natasha claws you.
You hit Natasha. Your headbutt misses Natasha.
Natasha is heavily wounded.
Natasha stares at you and mumbles some strange words.
The magic dart hits you.
You are too injured to fight recklessly!
You are too injured to fight recklessly!
You are too injured to fight recklessly!
You are too injured to fight recklessly!
You hit Natasha but do no damage.
Natasha is heavily wounded.
Natasha wildly gestures.
Natasha glows brightly for a moment.
Natasha claws you.
You hit Natasha. Your headbutt misses Natasha.
Natasha is heavily wounded.
Natasha stares at you and mumbles some strange words.
You resist with significant effort.
You miss Natasha.
Natasha is heavily wounded.
You block Natasha's attack.
You hit Natasha.
Natasha is heavily wounded.
Natasha claws you.
* * * LOW HITPOINT WARNING * * *
You hit Natasha but do no damage.
Natasha is heavily wounded.
Natasha claws you but does no damage.
You hit Natasha.
Natasha is severely wounded.
Natasha zaps a wand.
The puff of flame hits you!
You die...

#.#
#.#####.......######
####.#
#.#.................
.....#
#.#.###.>.....######
######
##'#.................
######
#...............#####
.....#
#...........#.#.#....
.....###
####.......###.#......#
.<...... ........h..#
#.#......# .....###
###...@...# #.#......+
........
#.......###.#......##
####....
##.#.......[......... #
....
#.#.........#......# #
...
#.#................# #
## #.#................#
# #.#................#
# #............#.....#
###
####.........########


You could see Natasha.

Vanquished Creatures
  Natasha (D:2)
  A worm (D:2)
  5 endoplasms
  A hobgoblin (D:2)
  6 kobolds (D:1)
  A quokka (D:1)
  3 ball pythons
  3 bats
  3 frilled lizards
  4 rats (D:1)
28 creatures vanquished.

Vanquished Creatures (others)
  5 plants (D:1)
5 creatures vanquished.

Grand Total: 33 creatures vanquished

Notes
Turn   | Place    | Note
-------+----------+-------------------------------------------
     0 | D:1      | Metae the Minotaur Fighter began the quest for the Orb.
     0 | D:1      | Reached XP level 1. HP: 19/19 MP: 0/0
    49 | D:1      | Found a faded altar of an unknown god.
   113 | D:1      | Found Katassit's Magic Scroll Shop.
   585 | D:1      | Reached XP level 2. HP: 27/27 MP: 1/1
   933 | D:2      | Noticed Natasha
   936 | D:2      | Killed Natasha
   937 | D:2      | Reached skill level 1 in Dodging
   937 | D:2      | Reached XP level 3. HP: 33/33 MP: 2/2
  1208 | D:2      | Noticed Natasha
  1220 | D:2      | Killed from afar by Natasha

Illustrated notes

Levels and vault maps discovered:
D:1:      sevenhm_arrival_forest_fort_small_6, layout_basic, serial_shops,
          nicolae_shop_advertising_works [nicolae_subvault_shop_adworks],
          nicolae_ecumenical_snake_handling, lexackson_kobold_supper
D:2:      layout_basic, serial_shops, nicolae_shop_tiny_glass,
          minmay_tetromino_s2, uniq_natasha

Skill      XL: |  1  2 |
---------------+-------+-----
Fighting       | 4 |  4.1
Armour         | 4 |  4.1
Dodging        | 1 |  1.4
Shields        | 4 |  4.1
Short Blades   | |  2.7

Action                     || total
---------------------------++-------
  Melee: Rapier            ||    61
         Headbutt          ||    11
 Armour: Scale mail        ||    10
         Chain mail        ||     5
  Dodge: Dodged            ||    21
  Block: Buckler           ||    13
